 Dungeon Crawl Stone Soup version 0.17-a0-1997-ga88ed7d (webtiles) character file.

14567 Mordenkainen the Fighter (level 11, -1/87 HPs)
             Began as a Demonspawn Berserker on Oct 8, 2015.
             Was an Elder of Trog.
             Slain by a tentacled starspawn (23 damage)
             ... on level 1 of the Abyss.
             The game lasted 00:36:28 (12999 turns).

Mordenkainen the Fighter (Demonspawn Berserker)    Turns: 12999, Time: 00:36:47

Health: -1/87      AC:  9    Str: 21 (22) XL:     11   Next: 90%
Magic:  8/8        EV: 14    Int: 18      God:    Trog [****..]
Gold:   197        SH:  0    Dex: 17      Spells: 0 memorised, 10 levels left

rFire  + . .     SeeInvis .     X - +9 falchion of False Accusations {venom, MR+ Int+4}
rCold  + . .     Rnd*Rage +     W - +0 chain mail {MR+}
rNeg   + . .     SustAt   .     (no shield)
rPois  +         Gourm    .     (helmet restricted)
rElec  .         Spirit   .     (no cloak)
rCorr  .         Warding  +     (no gloves)
rMut   .         Stasis   .     (no boots)
MR     +++++                    s - amulet of warding
Stlth  ..........               R - ring "Oxtipim" {rPois Dex+5 Slay-3} (curse)
                                p - ring of protection from magic

@: about to teleport, regenerating, almost entirely resistant to hostile
enchantments, extremely unstealthy
A: antennae 1, claws 2, rugged brown scales 2, see invisible, berserk 2, blink,
blurry vision 1, clever 2, cold resistance 1, deformed body, deterioration 2,
fire resistance 1, frail 1, low mp 2, magic resistance 1, mutation resistance 1,
spiny 2, spit poison 1, strong 1, MP-powered wands
a: Spit Poison, Blink, Burn Spellbooks, Berserk, Trog's Hand, Brothers in Arms,
Renounce Religion


You were on level 1 of the Abyss.
You worshipped Trog.
Trog was greatly pleased with you.
You were hungry.

You visited 1 branch of the dungeon, and saw 12 of its levels.
You visited the Abyss 1 time.

You collected 786 gold pieces.
You spent 589 gold pieces at shops.

Inventory:

Hand Weapons
 a - a +0 falchion
 O - the +6 broad axe of Terra Nullius {chop, Str+7 Dex-3}
   (Trog gifted it to you on level 10 of the Dungeon)

   It inflicts extra damage upon your enemies.
   It affects your strength (+7).
   It affects your dexterity (-3).
 V - the +6 hunting sling of Forgiveness {flame, MP+9 Str+3}
   (You found it on level 7 of the Dungeon)

   It causes projectiles fired from it to burn those they strike, causing extra
   injury to most foes and up to half again as much damage against particularly
   susceptible opponents.
   It affects your strength (+3).
   It affects your magic capacity (+9).
 X - the +9 falchion of False Accusations (weapon) {venom, MR+ Int+4}
   (You found it on level 11 of the Dungeon)

   It poisons the flesh of those it strikes.
   It affects your intelligence (+4).
   It affects your resistance to hostile enchantments.
Missiles
 Y - 29 sling bullets of flame
Armour
 W - a +0 chain mail of magic resistance (worn)
Jewellery
 p - a ring of protection from magic (left claw)
 s - an amulet of warding (around neck)
 y - an uncursed ring of protection from cold
 M - an uncursed ring of protection from cold
 R - the cursed ring "Oxtipim" (right claw) {rPois Dex+5 Slay-3}
   (You found it on level 10 of the Dungeon)

   [ring of slaying]

   It affects your dexterity (+5).
   It affects your accuracy and damage with ranged weapons and melee attacks
   (-3).
   It protects you from poison.
   It has a curse placed upon it.
Wands
 j - a wand of digging (12)
 P - a wand of digging (15)
 Z - a wand of lightning (3)
Scrolls
 b - a scroll of brand weapon
 d - 3 scrolls of enchant weapon
 h - a scroll of recharging
 i - 6 scrolls of remove curse
 k - 9 scrolls of teleportation
 q - a scroll of fear
 B - 3 scrolls of fog
 C - 2 scrolls of magic mapping
 H - 4 scrolls of enchant armour
 S - a scroll of silence
 T - a scroll of blinking
Potions
 g - 3 potions of flight
 m - 2 potions of lignification
 o - 2 potions of curing
 t - 2 potions of ambrosia
 u - 3 potions of heal wounds
 v - 5 potions of brilliance
 w - a potion of agility {unknown}
 x - a potion of cure mutation {unknown}
 A - 2 potions of haste {unknown}
 G - a potion of cancellation {unknown}
 I - a potion of might {unknown}
 L - a potion of invisibility {unknown}
 Q - a potion of berserk rage
Miscellaneous
 e - a sack of spiders
 E - a plain deck of defence
Comestibles
 c - 12 bread rations
 f - 3 meat rations
 n - 3 fruits
 r - a slice of pizza
 z - 4 beef jerkies
 K - a royal jelly


   Skills:
 * Level 10.5 Fighting
 * Level 8.3 Long Blades
 * Level 9.6 Armour
 * Level 9.5 Dodging


You had 10 spell levels left.
You didn't know any spells.

Dungeon Overview and Level Annotations

Branches:
Dungeon (12/15)            Temple (0/1) D:5            Lair (0/8) D:8
    Orc (0/4) D:12

Altars:
Ashenzari
Kikubaaqudgha
Nemelex Xobeh
Ru
Sif Muna
Trog
Vehumet
Zin
The Shining One

Shops:
D:10 *   D:11 *   D:12 (

Annotations:
D:12 Sonja


Innate Abilities, Weirdness & Mutations

You have very sharp fingernails.
You are mostly covered in rugged brown scales (AC +2, +5% HP).
You are mostly covered in sharp spines.
You have a pair of small antennae on your head.
You have supernaturally acute eyesight.
You can translocate small distances at will.
Your mind is very acute. (Int +4)
Your flesh is cold resistant.
Your flesh is heat resistant.
You are resistant to hostile enchantments.
You are somewhat resistant to further mutation.
You can spit weak poison.
Your muscles are strong. (Str +2)
[You often lose your temper in combat.]
[Scrolls take you a little longer to read.]
[Armour fits poorly on your strangely shaped body.]
[Your body often deteriorates upon taking damage.]
[You are frail (-10% HP).]
[Your magical capacity is very low (-20% MP).]
[You expend magic power (3 MP) to strengthen your wands.]


Message History

* * * LOW HITPOINT WARNING * * *
The tentacled starspawn engulfs you!
* * * LOW HITPOINT WARNING * * *
Your body deteriorates!
You feel weakened.
Drink which item? (? for menu, Esc to quit)
You feel much better.
Your skin stops crawling.
You feel less resistant to hostile enchantments.
The wretched star pulses with an eldritch light!
You feel less energetic.
The raiju twists and deforms. x2
The tentacled starspawn misses you. The tentacled starspawn engulfs you.
* * * LOW HITPOINT WARNING * * *
Use which ability?
Your skin crawls.
You feel resistant to hostile enchantments.
You feel slightly more hungry.
The tentacled starspawn is struck by your spines.
The tentacled starspawn bites you!!
You die...

. .
#######
..#@Xwh*#
..
.#####h#{
#. '. [..
###.......
.# ...# ..
. # . # .#
.#


You could see a tentacled starspawn, a wretched star, 2 raiju and a starspawn
tentacle.

Vanquished Creatures
  Maud (D:11)
  Josephine (D:12)
  Erolcha (D:9)
  5 hill giants
  A guardian serpent (D:9)
  2 trolls
  A shadow (D:11)
  A two-headed ogre (D:8)
  A trapdoor spider (D:10)
  4 wraiths (D:12)
  4 wolves (D:8)
  A steam dragon (D:11)
  A wyvern (D:10)
  A hungry ghost (D:9)
  2 hippogriffs
  A soldier ant (D:12)
  3 ice beasts
  5 sky beasts
  5 ogres
  The ghost of loynis2 the Cudgeler, an amateur TrFE of Okawaru (D:4)
  2 black bears
  2 phantoms
  5 orc warriors
  5 centaurs
  A big kobold (D:11)
  A wyvern zombie (D:10)
  A wyvern skeleton (D:9)
  8 giant frogs
  8 scorpions
  A water moccasin skeleton (D:12)
  6 killer bees
  4 wights (D:12)
  A jelly (D:10)
  8 orc priests
  7 crimson imps
  A centaur zombie (D:11)
  4 centaur skeletons
  A quasit (D:10)
  14 hounds
  6 giant frog skeletons
  4 worker ants
  Natasha (twice) (D:3)
  15 orc wizards
  4 iguanas
  3 hound skeletons
  2 worker ant zombies
  11 adders
  4 gnolls (D:5)
  3 shadow imps
  2 oozes
  An adder skeleton (D:9)
  2 adder zombies
  3 worms
  3 giant geckos
  40 orcs
  11 hobgoblins
  21 jackals
  7 quokkas
  3 ball pythons
  8 bats
  3 giant cockroaches
  A giant gecko skeleton (D:6)
  3 giant newts
  5 goblins
  A jackal zombie (D:5)
  14 kobolds
  2 quokka skeletons
  8 rats
314 creatures vanquished.

Vanquished Creatures (others)
  A giant gecko (D:5)
  A giant newt (D:5)
  A fungus (D:10)
  A plant (D:10)
  3 starspawn tentacles (Abyss:1)
  2 starspawn tentacle segments (Abyss:1)
9 creatures vanquished.

Grand Total: 323 creatures vanquished

Notes
Turn   | Place    | Note
--------------------------------------------------------------
     0 | D:1      | Mordenkainen the Demonspawn Berserker began the quest for the Orb.
     0 | D:1      | Reached XP level 1. HP: 18/18 MP: 1/1
   224 | D:1      | Gained mutation: You are partially covered in sharp spines. [demonic ancestry]
   224 | D:1      | Reached XP level 2. HP: 13/24 MP: 2/2
   773 | D:2      | Found a shattered altar of Ashenzari.
   773 | D:2      | Found a glowing silver altar of Zin.
   776 | D:2      | Acquired Trog's second power
   823 | D:2      | Reached XP level 3. HP: 26/29 MP: 3/3
   853 | D:2      | Found a faded altar to an unknown god.
  1194 | D:2      | Gained mutation: You are mostly covered in sharp spines. [demonic ancestry]
  1194 | D:2      | Reached XP level 4. HP: 35/35 MP: 4/4
  1336 | D:2      | Found a glowing golden altar of the Shining One.
  1783 | D:3      | Noticed Natasha
  1790 | D:3      | Killed Natasha
  1790 | D:3      | Reached XP level 5. HP: 24/42 MP: 5/5
  2141 | D:3      | Noticed Natasha
  2143 | D:3      | Killed Natasha
  2192 | D:3      | Reached skill level 4 in Fighting
  2562 | D:4      | Found a bloodstained altar of Trog.
  2650 | D:4      | Reached XP level 6. HP: 45/48 MP: 6/6
  2710 | D:4      | Noticed loynis2's ghost (amateur TrFE)
  2723 | D:4      | Killed loynis2's ghost
  3325 | D:5      | Entered Level 5 of the Dungeon
  3408 | D:5      | Gained mutation: You are partially covered in rugged brown scales (AC +1, +3% HP). [demonic ancestry]
  3408 | D:5      | Reached XP level 7. HP: 44/56 MP: 7/7
  3441 | D:5      | Found a sparkling altar of Nemelex Xobeh.
  3474 | D:5      | Reached skill level 5 in Fighting
  3890 | D:5      | Acquired Trog's third power
  3952 | D:5      | Reached skill level 5 in Long Blades
  3963 | D:5      | Gained mutation: You have sharp fingernails. [demonic ancestry]
  3963 | D:5      | Reached XP level 8. HP: 42/64 MP: 8/8
  4375 | D:5      | Found a staircase to the Ecumenical Temple.
  4911 | D:6      | Reached skill level 5 in Dodging
  5015 | D:6      | Reached skill level 6 in Fighting
  5015 | D:6      | Reached skill level 5 in Armour
  5466 | D:7      | HP: 2/65 [ogre/giant spiked club (9)]
  5843 | D:7      | Found an ancient bone altar of Kikubaaqudgha.
  5935 | D:7      | Gained mutation: You have very sharp fingernails. [demonic ancestry]
  5935 | D:7      | Reached XP level 9. HP: 65/73 MP: 9/9
  6138 | D:7      | Found a deep blue altar of Sif Muna.
  6648 | D:8      | Found a radiant altar of Vehumet.
  6728 | D:8      | Reached skill level 7 in Fighting
  6893 | D:8      | Found a staircase to the Lair.
  7165 | D:8      | Gained mutation: You can translocate small distances at will. [mutagenic meat]
  7509 | D:9      | Reached XP level 10. HP: 71/82 MP: 10/10
  7618 | D:9      | Noticed a guardian serpent
  7628 | D:9      | Killed a guardian serpent
  7628 | D:9      | Reached skill level 8 in Fighting
  7666 | D:9      | Gained mutation: Your flesh is heat resistant. [mutagenic meat]
  7667 | D:9      | Gained mutation: Your mind is acute. (Int +2) [mutagenic meat]
  7668 | D:9      | Gained mutation: [You tend to lose your temper in combat.] [mutagenic meat]
  7669 | D:9      | Gained mutation: You can spit weak poison. [mutagenic meat]
  7670 | D:9      | Gained mutation: Your muscles are strong. (Str +2) [mutagenic meat]
  7671 | D:9      | Gained mutation: Your flesh is cold resistant. [mutagenic meat]
  7899 | D:9      | Noticed Erolcha
  7911 | D:9      | Killed Erolcha
  8096 | D:9      | Noticed a hill giant
  8104 | D:9      | Killed a hill giant
  8451 | D:10     | Entered Level 10 of the Dungeon
  8641 | D:10     | Received a gift from Trog
  8658 | D:10     | Got a smoking broad axe {god gift}
  8659 | D:10     | Identified the +6 broad axe of Terra Nullius {chop, Str+7 Dex-3} (Trog gifted it to you on level 10 of the Dungeon)
  9063 | D:10     | Got a crude steel ring
  9087 | D:10     | Gained mutation: You have a pair of small antennae on your head. [mutagenic meat]
  9088 | D:10     | Gained mutation: Your flesh is very cold resistant. [mutagenic meat]
  9227 | D:10     | Found a sacrificial altar of Ru.
  9269 | D:10     | Found Inet's General Store.
  9275 | D:10     | Reached skill level 9 in Fighting
  9285 | D:10     | Bought a potion of berserk rage for 65 gold pieces
  9285 | D:10     | Bought a scroll of teleportation for 39 gold pieces
  9285 | D:10     | Bought a scroll of silence for 97 gold pieces
  9285 | D:10     | Bought a potion of brilliance for 52 gold pieces
  9285 | D:10     | HP: 4/85 [poisoned by a trapdoor spider]
  9661 | D:10     | Noticed a hill giant
  9674 | D:10     | Killed a hill giant
  9674 | D:10     | Gained mutation: You are mostly covered in rugged brown scales (AC +2, +5% HP). [demonic ancestry]
  9674 | D:10     | Reached XP level 11. HP: 93/93 MP: 11/11
 10071 | D:11     | Identified the cursed ring "Oxtipim" {rPois Dex+5 Slay-3} (You found it on level 10 of the Dungeon)
 10090 | D:11     | Lost mutation: Your flesh is very cold resistant. [potion of mutation]
 10090 | D:11     | Gained mutation: Your mind is very acute. (Int +4) [potion of mutation]
 10091 | D:11     | Gained mutation: You have supernaturally acute eyesight. [potion of mutation]
 10110 | D:11     | Noticed Maud
 10121 | D:11     | Killed Maud
 10241 | D:11     | Gained mutation: You are resistant to hostile enchantments. [mutagenic meat]
 10243 | D:11     | Gained mutation: You are somewhat resistant to further mutation. [mutagenic meat]
 10402 | D:11     | Found Bepliplun's General Store.
 10404 | D:11     | Noticed a hill giant
 10410 | D:11     | Killed a hill giant
 10417 | D:11     | Bought a scroll of enchant weapon for 120 gold pieces
 10417 | D:11     | Bought a potion of degeneration for 16 gold pieces
 10417 | D:11     | Bought a scroll of teleportation for 48 gold pieces
 10417 | D:11     | Bought a scroll of recharging for 152 gold pieces
 10747 | D:11     | Noticed a hill giant
 10754 | D:11     | Killed a hill giant
 11087 | D:11     | Got a dazzling falchion
 11088 | D:11     | Identified the +9 falchion of False Accusations {venom, MR+ Int+4} (You found it on level 11 of the Dungeon)
 11328 | D:7      | Received a gift from Trog
 11344 | D:7      | Got a crystal hunting sling
 11345 | D:7      | Identified the +6 hunting sling of Forgiveness {flame, MP+9 Str+3} (You found it on level 7 of the Dungeon)
 11716 | D:12     | Reached skill level 10 in Fighting
 11772 | D:12     | Noticed Sonja
 11821 | D:12     | Found Powkisto's Antique Weapon Shoppe.
 11994 | D:12     | Noticed Josephine
 12091 | D:12     | Killed Josephine
 12570 | D:12     | Found a staircase to the Orcish Mines.
 12620 | D:12     | Noticed a hill giant
 12634 | D:12     | Killed a hill giant
 12938 | D:12     | Cast into the Abyss (Sonja)
 12977 | Abyss:1  | Noticed a tentacled starspawn
 12981 | Abyss:1  | Noticed a wretched star
 12999 | Abyss:1  | Slain by a tentacled starspawn

Vault maps used:
D:1:      shiori_arrival_oz
D:2:      gammafunk_temple_overflow_wave, ecumenical_altar_2, tso_altar
D:3:      uniq_natasha
D:4:      lightli_temple_of_fire, minmay_unequal
D:5:      nemelex_deck, lemuel_temple_firewalk_marked, first_bread,
          minmay_misc_feat_ornament
D:6:      grunt_ministairs_2
D:7:      basic_altar, grunt_ogre_cave, lemuel_blue_sif_altar
D:8:      kennysheep_little_box, lemuel_doored_altar, erik_lair_island
D:9:      nrook_guardian_serpent_ordinary, uniq_erolcha
D:10:     serial_shops, shop, nrook_loot_triangle,
          nicolae_ru_the_path_less_chosen
D:11:     serial_shops, shop, uniq_maud
D:12:     orc_0_dummy, serial_shops, shop_fountains, uniq_josephine, uniq_sonja

Action                   |  1- 3 |  4- 6 |  7- 9 | 10-12 || total
-------------------------+-------+-------+-------+-------++-------
Melee: Falchion          |    72 |    92 |   257 |   265 ||   686
       Broad axe         |       |       |       |    98 ||    98
Throw: Throwing net      |       |       |       |     2 ||     2
Invok: Berserk           |     1 |     1 |     5 |     9 ||    16
       Trog's Hand       |       |     2 |     4 |     7 ||    13
  Use: Scroll            |       |       |       |    19 ||    19
       Potion            |       |       |       |     4 ||     4
 Stab: Sleeping          |     3 |     3 |     1 |     1 ||     8
  Eat: Chunk             |     2 |     6 |    21 |    34 ||    63
       Beef jerky        |       |       |     1 |     5 ||     6
       Fruit             |       |       |       |     4 ||     4
